 Dungeon Crawl Stone Soup version 0.22-a0-433-gd2a9cce0b5 (webtiles) character file.

5881 Kriby the Reanimator (level 10, -3/92 HPs)
             Began as a Deep Dwarf Necromancer on May 28, 2018.
             Was a Believer of Makhleb.
             Killed from afar by Harold (27 damage)
             ... with a bolt of fire
             ... on level 1 of the Lair of Beasts.
             The game lasted 00:26:54 (12784 turns).

Kriby the Reanimator (Deep Dwarf Necromancer)      Turns: 12784, Time: 00:26:54

Health: -3/92      AC: 14    Str: 19      XL:     10   Next: 52%
Magic:  18/18      EV:  9    Int: 17      God:    Makhleb [**....]
Gold:   515        SH:  8    Dex:  7 (13) Spells: 9/20 levels left

rFire    . . .     SeeInvis +   a - +2 broad axe
rCold    . . .     Gourm    .   r - +0 shield (curse)
rNeg     . . .     Faith    .   g - +3 scale mail {rPois}
rPois    +         Spirit   .   (no helmet)
rElec    .         Reflect  .   q - +0 cloak
rCorr    .         Harm     .   D - +0 pair of gloves
MR       +....                  B - +0 pair of boots
Stlth    ..........             (no amulet)
HPRegen  0.00/turn              p - +2 ring of protection
MPRegen  0.16/turn              i - ring of see invisible

@: mighty, non-regenerating, drained
A: damage resistance, heal wounds, sense surroundings 2, no regeneration
a: Heal Wounds, Minor Destruction, Renounce Religion


You were on level 1 of the Lair of Beasts.
You worshipped Makhleb.
Makhleb was pleased with you.
You were not hungry.

You visited 3 branches of the dungeon, and saw 11 of its levels.

You collected 515 gold pieces.

Inventory:

Hand Weapons
 a - a +2 broad axe (weapon)
 b - a +0 flail of holy wrath
 y - a -2 war axe
 N - a +2 short sword of venom
Missiles
 C - a throwing net (quivered)
Armour
 d - a +0 robe
 g - a +3 scale mail of poison resistance (worn)
 l - a +2 scale mail of fire resistance
 q - a +0 cloak (worn)
 r - a cursed +0 shield (worn)
 u - a +0 buckler
 x - a +2 plate armour of fire resistance
 z - a +2 robe of magic resistance
 B - a +0 pair of boots (worn)
 D - a +0 pair of gloves (worn)
Jewellery
 h - an uncursed amulet of harm
 i - a ring of see invisible (right hand)
 j - a +2 ring of intelligence
 m - an uncursed ring of protection from magic
 p - a +2 ring of protection (left hand)
 t - an uncursed ring of flight
Wands
 w - a wand of random effects (50)
 A - a wand of iceblast (1) {@v4}
 E - a wand of digging (8) {@v1}
Scrolls
 e - 11 scrolls of identify {@r1}
 f - 5 scrolls of teleportation {@r3}
 n - 6 scrolls of amnesia
 s - a scroll of fog
 v - a scroll of enchant armour
 G - a scroll of immolation
Potions
 k - 4 potions of curing {@q1}
 o - a potion of lignification
 F - a potion of invisibility
 I - a potion of brilliance
Comestibles
 c - 14 rations {@e1}


   Skills:
 + Level 6.3(5.9) Fighting
 + Level 2.8(2.4) Axes
 + Level 0.7(0.4) Armour
 + Level 8.0(7.6) Dodging
 - Level 2.4(2.1) Stealth
 + Level 2.6(2.3) Shields
 - Level 5.5(5.1) Spellcasting
 - Level 10.1(9.6) Necromancy
 + Level 4.8(4.4) Invocations
 + Level 4.7(4.3) Evocations


You had 9 spell levels left.
You knew the following spells:

 Your Spells              Type           Power        Failure   Level  Hunger
a - Pain                  Necr           ####         4%          1    None
b - Blink                 Tloc           N/A          98%         2    #......
d - Vampiric Draining     Necr           #####.....   13%         3    ###....
n - Animate Dead          Necr           N/A          41%         4    ####...
v - Animate Skeleton      Necr           N/A          4%          1    None

Your spell library contained the following spells:

 Spells                   Type           Power        Failure   Level  Hunger
 Cause Fear               Hex            #.........   100%        4    ####...
 Magic Dart               Conj           #...         93%         1    None
 Conjure Flame            Conj/Fire      #.......     100%        3    ###....
 Slow                     Hex            #.......     98%         2    #......
 Mephitic Cloud           Conj/Pois/Air  #.......     100%        3    ###....
 Call Imp                 Summ           #.......     98%         2    #......
 Regeneration             Chrm/Necr      ###.......   67%         3    ###....
 Deflect Missiles         Chrm/Air       #.........   100%        6    #######
 Silence                  Hex/Air        #.........   100%        5    ######.
 Discord                  Hex            #.........   100%        8    #######
 Yara's Violent Unravell  Hex/Tmut       #.........   100%        5    ######.


Dungeon Overview and Level Annotations

Branches:
Dungeon (10/15)            Temple (1/1) D:5            Lair (1/6) D:9
    Orc (0/2) D:10

Altars:
Ashenzari
Cheibriados
Elyvilon
Fedhas
Hepliaklqana
Makhleb
Nemelex Xobeh
Ru
Uskayaw
Zin

Shops:
D:5 }   D:10 (

Annotations:
Lair:1 Harold


Innate Abilities, Weirdness & Mutations

You are resistant to damage.
You can heal yourself by infusing magical energy.
You passively map the area around you.
You do not regenerate.


Message History

You slice Harold!!
Harold is almost dead.
You miss the wolf. You slash the plant! The wolf closely misses you.
You block Harold's attack. The wolf bites you.
Harold points at you and mumbles some strange words.
The bolt of fire hits you!
* * * LOW HITPOINT WARNING * * *
Your shield and scale mail prevent you from hitting Harold.
Harold is almost dead.
You slash the plant! You slash the wolf!
You kill the wolf!
Makhleb accepts your kill. You block the wolf's attack.
Harold hits you with a long sword. The wolf closely misses you.
Your shield and scale mail prevent you from hitting Harold.
Harold is almost dead.
You closely miss the wolf. You slash the plant! The wolf closely misses you.
Harold casts a spell at you. The bolt of fire hits you!
You die...

, *, ** ,,*, * , *,
* ,, , , # * *, *
,* *,.#, * * **
,*** . * * * *.# *,
, * ####.### **, *
* ####P#hh..#.. ,
#####P#..@@h.....,,
.........###..### *
* #####..## # ** *,
, ......#.# ** * **
.####.#.## * *
#....# ,, * , *
##.#.## * * , ,
...#..#.# * ,
#..P..<# *


You could see Harold and 3 wolves.

Vanquished Creatures
  Pikel (D:7)
  Joseph (D:9)
  A troll (D:9)
  Prince Ribbit (D:5)
  A hippogriff (D:9)
  The ghost of Ordine the Ruffian, an amateur VSMo (D:4)
  Sigmund (D:3)
  Eustachio (D:5)
  A water moccasin (D:7)
  A slave (D:7)
  3 orc warriors
  An ice beast (D:2)
  A black bear (D:10)
  2 sky beasts
  An eye of draining (D:10)
  3 ogres
  A wolf (Lair:1)
  5 centaurs
  3 big kobolds
  Blork the orc (D:4)
  4 bullfrogs
  7 gnoll sergeants
  A water moccasin zombie (D:9)
  A scorpion (D:6)
  4 wights (D:10)
  2 howler monkeys
  6 crimson imps
  A quasit (D:10)
  A bullfrog zombie (D:10)
  Crazy Yiuf (D:3)
  5 orc wizards
  2 orc priests (D:4)
  A bullfrog skeleton (D:9)
  3 hounds
  A centaur skeleton (D:7)
  Terence (D:2)
  2 iguanas
  4 worker ants
  5 gnolls (D:10)
  9 adders
  2 shadow imps
  4 oozes
  2 adder skeletons
  A worm (D:2)
  4 dart slugs
  3 leopard geckos (D:6)
  33 orcs
  A ball python (D:3)
  11 giant cockroaches
  8 goblins
  9 hobgoblins
  12 jackals
  4 quokkas
  4 bats
  A frilled lizard (D:5)
  15 kobolds
  A leopard gecko skeleton (D:6)
  2 quokka zombies (D:5)
  15 rats
224 creatures vanquished.

Vanquished Creatures (collateral kills)
  2 big kobolds (D:9)
  A crimson imp (D:6)
  A worker ant zombie (D:6)
  An ooze (D:5)
5 creatures vanquished.

Vanquished Creatures (others)
  A fungus (Lair:1)
1 creature vanquished.

Grand Total: 230 creatures vanquished

Notes
Turn   | Place    | Note
-------+----------+-------------------------------------------
     0 | D:1      | Kriby the Deep Dwarf Necromancer began the quest for the Orb.
     0 | D:1      | Reached XP level 1. HP: 15/15 MP: 3/3
     2 | D:1      | Learned a level 1 spell: Animate Skeleton
   140 | D:1      | Reached XP level 2. HP: 10/22 MP: 0/5
   763 | D:1      | Reached XP level 3. HP: 3/30 MP: 3/6
   768 | D:1      | Learned a level 3 spell: Vampiric Draining
  1236 | D:1      | Reached skill level 1 in Fighting
  1572 | D:1      | Reached skill level 5 in Necromancy
  1960 | D:2      | Reached XP level 4. HP: 32/38 MP: 5/7
  1990 | D:2      | Noticed an ice beast
  1998 | D:2      | Killed an ice beast
  1998 | D:2      | Reached XP level 5. HP: 25/44 MP: 0/9
  3011 | D:3      | Noticed Terence
  3031 | D:2      | Killed Terence
  3031 | D:2      | Reached XP level 6. HP: 29/52 MP: 1/10
  3361 | D:3      | Noticed Sigmund
  3371 | D:3      | Killed Sigmund
  3371 | D:3      | Reached skill level 6 in Necromancy
  3648 | D:3      | Found a runed door.
  4126 | D:3      | Noticed Crazy Yiuf
  4131 | D:3      | Killed Crazy Yiuf
  4426 | D:3      | Reached XP level 7. HP: 37/61 MP: 1/12
  4532 | D:4      | Noticed Ordine's ghost (amateur VSMo)
  4545 | D:4      | Killed Ordine's ghost
  4696 | D:4      | Reached skill level 7 in Necromancy
  5705 | D:4      | Noticed Blork the orc
  5714 | D:4      | Killed Blork the orc
  5808 | D:5      | Entered Level 5 of the Dungeon
  5808 | D:5      | Found Erenume's Gadget Shoppe.
  5813 | D:5      | Noticed Eustachio
  6013 | D:5      | Killed Eustachio
  6013 | D:5      | Reached XP level 8. HP: 25/69 MP: 0/14
  6196 | D:5      | Found a staircase to the Ecumenical Temple.
  6211 | Temple   | Entered the Ecumenical Temple
  6310 | Temple   | Became a worshipper of Makhleb the Destroyer
  6436 | D:5      | Reached skill level 5 in Dodging
  6442 | D:5      | Noticed Prince Ribbit
  6454 | D:5      | Killed Prince Ribbit
  6454 | D:5      | Reached skill level 8 in Necromancy
  6956 | D:6      | Learned a level 2 spell: Blink
  6961 | D:6      | Learned a level 4 spell: Animate Dead
  6968 | D:6      | Found a glowing silver altar of Zin.
  7272 | D:6      | Found a shattered altar of Ashenzari.
  7688 | D:6      | Found a blossoming altar of Fedhas.
  7691 | D:6      | Found a white marble altar of Elyvilon.
  8048 | D:6      | Found a sacrificial altar of Ru.
  8048 | D:6      | Found a hazy altar of Hepliaklqana.
  8050 | D:6      | Found a sparkling altar of Nemelex Xobeh.
  8111 | D:7      | Reached skill level 9 in Necromancy
  8406 | D:7      | Reached * piety under Makhleb
  8420 | D:7      | Gained mutation: You passively map the area around you. [Deep Dwarf growth]
  8420 | D:7      | Reached XP level 9. HP: 78/79 MP: 0/16
  8558 | D:7      | Noticed Pikel
  8580 | D:7      | Killed Pikel
  8580 | D:7      | Reached skill level 5 in Spellcasting
  8685 | D:7      | You fall through a shaft for 2 floors!
  8978 | D:9      | Reached skill level 5 in Fighting
  9183 | D:9      | Noticed Joseph
  9199 | D:9      | Killed Joseph
  9199 | D:9      | Reached skill level 10 in Necromancy
  9588 | D:9      | Reached skill level 1 in Invocations
  9588 | D:9      | Reached skill level 1 in Evocations
  9870 | D:9      | Found a staircase to the Lair.
 10764 | D:10     | Entered Level 10 of the Dungeon
 11046 | D:10     | Found Heahoa's Antique Weapon Shoppe.
 11088 | D:10     | Reached XP level 10. HP: 74/91 MP: 14/18
 11167 | D:10     | Found a staircase to the Orcish Mines.
 11204 | D:10     | Reached skill level 1 in Axes
 11206 | D:10     | Reached skill level 1 in Shields
 11306 | D:9      | Reached ** piety under Makhleb
 12764 | Lair:1   | Entered Level 1 of the Lair of Beasts
 12773 | Lair:1   | Noticed Harold
 12784 | Lair:1   | Killed from afar by Harold

Vault maps used:
D:1:      onia_arrival_pyramid, st_stairs_9
D:2:      cheibrodos_helix_gallery
D:3:      first_ration, uniq_crazy_yiuf_cottage, uniq_sigmund, uniq_terence
D:4:      uniq_blork_the_orc
D:5:      minmay_temple_entry_purple_smoke, serial_shops, shop,
          minmay_misc_feat_nine_boxes, uniq_eustachio, uniq_prince_ribbit1
D:6:      nicolae_overflow_hidden_temple, kennysheep_little_box,
          minmay_misc_feat_secret_circle, ashenzari_altar_1
D:7:      basic_altar, uniq_pikel
D:9:      lair_entry_dummy, st_stairs_6, uniq_joseph
D:10:     kennysheep_orc_monster_closet_entryway, serial_shops,
          nicolae_shop_stone
Temple:   regret_index_temple_sphere_string
Lair:1:   beast_lair_carwin_6, lemuel_fruit_fields, uniq_harold

Skill      XL: |  1  2  3  4  5  6  7  8  9 10 |
---------------+-------------------------------+-----
Spellcasting   | 2 3 4 5 |  5.5
Fighting       | 1 2 3 4 5 6 |  6.3
Necromancy     | 5 6 7 9 10 | 10.1
Dodging        | 3 4 5 7 8 |  8.0
Invocations    | 3 4 |  4.8
Evocations     | 3 4 |  4.7
Axes           | 2 |  2.8
Shields        | 2 |  2.6
Armour         | |  0.7
Stealth        | |  2.4

Action                   |  1- 3 |  4- 6 |  7- 9 | 10-12 || total
-------------------------+-------+-------+-------+-------++-------
Melee: Dagger            |    62 |    28 |       |       ||    90
       Short sword       |       |       |   204 |       ||   204
       Flail             |       |       |    79 |    57 ||   136
       Broad axe         |       |       |    10 |    65 ||    75
       War axe           |       |       |     5 |       ||     5
 Cast: Pain              |    56 |    93 |   134 |    13 ||   296
       Vampiric Draining |    14 |     6 |    76 |    38 ||   134
       Animate Skeleton  |     1 |     3 |    20 |     5 ||    29
Evoke: Wand              |       |     3 |    12 |    11 ||    26
  Use: Scroll            |       |     5 |     8 |     1 ||    14
       Potion            |       |       |    10 |     1 ||    11
 Stab: Paralysed         |       |     7 |     9 |       ||    16
  Eat: Chunk             |     6 |     8 |    20 |     9 ||    43
       Ration            |       |       |     2 |       ||     2
Armor: Robe              |    19 |       |       |       ||    19
       Scale mail        |     2 |    23 |   276 |   121 ||   422
Dodge: Dodged            |    65 |    37 |   243 |    69 ||   414
Block: Shield            |       |       |    34 |    67 ||   101

Table legend:
 A = Spawn XP
 B = Non-spawn XP
 C = Spawn XP percentage of total XP
 D = Spawn monster count
 E = Non-spawn monster count
 F = Spawn count percentage of total count
 G = Total turns spent on level
                    A         B        C        D         E        F      G
               +---------+---------+-------+---------+---------+-------+---------
         Total |       0 |    8402 |   0.0 |       0 |     228 |   0.0 | 12784
               +---------+---------+-------+---------+---------+-------+---------
           D:1 |       0 |      90 |   0.0 |       0 |      41 |   0.0 |  1802
           D:2 |       0 |     292 |   0.0 |       0 |      22 |   0.0 |  1289
           D:3 |       0 |     373 |   0.0 |       0 |      22 |   0.0 |  1592
           D:4 |       0 |     501 |   0.0 |       0 |      13 |   0.0 |  1384
           D:5 |       0 |     697 |   0.0 |       0 |      20 |   0.0 |   756
           D:6 |       0 |     403 |   0.0 |       0 |      25 |   0.0 |  1129
           D:7 |       0 |    1028 |   0.0 |       0 |      12 |   0.0 |   623
           D:9 |       0 |    2683 |   0.0 |       0 |      38 |   0.0 |  2535
          D:10 |       0 |    2214 |   0.0 |       0 |      34 |   0.0 |  1544
        Lair:1 |       0 |     121 |   0.0 |       0 |       1 |   0.0 |    20
               +---------+---------+-------+---------+---------+-------+---------
